 Dungeon Crawl Stone Soup version 0.23.2-40-g277498a001 (webtiles) character file.

Game seed: 16054892276816314792

68 Descartes the Skirmisher (level 4, 0/37 HPs)
             Began as a Formicid Abyssal Knight on Oct 11, 2019.
             Was a Believer of Lugonu.
             Succumbed to an adder's poison
             ... on level 2 of the Dungeon.
             The game lasted 00:04:28 (1230 turns).

Descartes the Skirmisher (Formicid Abyssal Knight)  Turns: 1230, Time: 00:04:28

Health: 0/37       AC:  8    Str: 16    XL:     4   Next: 41%
Magic:  5/5        EV: 10    Int: 13    God:    Lugonu [**....]
Gold:   117        SH:  0    Dex: 10    Spells: 3/3 levels left

rFire    . . .     SeeInvis +   a - +3 hand axe
rCold    . . .     Gourm    .   (no shield)
rNeg     . . .     Faith    .   g - +1 scale mail {MR+}
rPois    .         Spirit   .   (helmet unavailable)
rElec    .         Reflect  .   (no cloak)
rCorr    .         Harm     .   m - +0 pair of gloves
MR       +....                  (no boots)
Stlth    ..........             (no amulet)
HPRegen  0.12/turn              (no ring)
MPRegen  0.09/turn              (no ring)

@: lethally poisoned (0 -> -1)
A: permanent stasis, dig shafts and tunnels, four strong arms, antennae 3
a: Dig, Shaft Self, Depart the Abyss, Bend Space, Renounce Religion


You were on level 2 of the Dungeon.
You worshipped Lugonu.
Lugonu was pleased with you.
You were not hungry.

You visited 1 branch of the dungeon, and saw 2 of its levels.
You visited the Abyss 1 time.

You collected 117 gold pieces.

Inventory:

Hand Weapons
 a - a +3 hand axe (weapon)
Missiles
 f - 20 arrows
 i - 20 stones (quivered)
Armour
 g - a +1 scale mail of magic resistance (worn)
 m - a +0 pair of gloves (worn)
Scrolls
 e - a scroll of fog
 h - a scroll of enchant weapon
Comestibles
 c - 2 rations
 d - a chunk of flesh


   Skills:
 + Level 4.1 Fighting
 + Level 2.5 Axes
 * Level 2.9 Armour
 + Level 1.7 Dodging
 + Level 2.3 Invocations


You had 3 spell levels left.
You didn't know any spells.
Your spell library was empty.

Dungeon Overview and Level Annotations

Branches:
Dungeon (2/15)

Altars:


Innate Abilities, Weirdness & Mutations

You cannot be hasted, slowed, berserked, paralysed or teleported.
You can dig through walls and to a lower floor.
Your four strong arms can wield two-handed weapons with a shield.
You have a pair of large antennae on your head. (SInv)


Message History

You feel sick.
You aren't carrying any potions.
As you read the scroll labeled VYHECZ HOPSAAPT, it crumbles to dust.
You feel as if something is helping you.
It was a scroll of remove curse.
You remove your -3 ring of evasion.
You drop a -3 ring of evasion.
* * * LOW HITPOINT WARNING * * *
You feel sick.
You drop a +0 leather armour.
As you read the scroll of enchant weapon, it crumbles to dust.
Your +2 hand axe glows red for a moment.
As you read the scroll labeled BYVIOM KYOLLEH, it crumbles to dust.
It is a scroll of identify.
You don't have any unidentified items.
* * * LOW HITPOINT WARNING * * *
You feel sick.
* * * LOW HITPOINT WARNING * * *
You feel sick.
You die...

#++## #.# ...... ...##
####.## # ...........##
..... ..
............#####...###..
.............##.#.......
..............#.#....# .
..............#.#....##....
...#..#.......#.@..........
....##........'.#.##..####.
....##........'.#.# ..#
...#..#.......#.......#
.)............###.###.#
..............# #.# ..
.............## #.# ###
............## #..
...........##


There were no monsters in sight!

Vanquished Creatures
  2 adders (D:2)
  A worm (D:2)
  A dart slug (D:1)
  2 leopard geckos (D:1)
  4 bats (D:1)
  3 giant cockroaches (D:1)
  3 goblins (D:1)
  5 hobgoblins
  5 jackals (D:1)
  3 kobolds
  2 quokkas (D:2)
  A ball python (D:1)
  A frilled lizard (D:1)
  6 rats (D:1)
39 creatures vanquished.

Notes
Turn   | Place    | Note
-------+----------+-------------------------------------------
     0 | Abyss:1  | Descartes the Formicid Abyssal Knight began the quest for
                  | the Orb.
     0 | Abyss:1  | Reached XP level 1. HP: 18/18 MP: 2/2
    17 | D:1      | Escaped the Abyss
   242 | D:1      | Reached XP level 2. HP: 24/24 MP: 3/3
   524 | D:1      | Reached skill level 1 in Dodging
   524 | D:1      | Reached XP level 3. HP: 30/30 MP: 4/4
   563 | D:1      | Reached ** piety under Lugonu
   654 | D:1      | Reached skill level 4 in Fighting
   894 | D:2      | Reached XP level 4. HP: 19/37 MP: 5/5
  1222 | D:2      | HP: 1/37 [poisoned by an adder]
  1230 | D:2      | Succumbed to an adder's poison

Skill      XL: |  1  2  3 |
---------------+----------+-----
Dodging        | 1 |  1.7
Fighting       | 4 |  4.1
Axes           | |  2.5
Armour         | |  2.9
Invocations    | |  2.3

Action                   |  1- 3 |  4- 6 || total
-------------------------+-------+-------++-------
Melee: Hand axe          |   104 |    14 ||   118
  Use: Scroll            |     5 |     3 ||     8
       Potion            |       |     2 ||     2
  Eat: Chunk             |       |     1 ||     1
Armor: Leather armour    |     6 |       ||     6
       Scale mail        |    56 |    13 ||    69
Dodge: Dodged            |    46 |     9 ||    55
